 Dungeon Crawl Stone Soup version 0.28.0-49-g6dfe1f597d (webtiles) character file.

Game seed: 5691061362188667695

32 hawla the Firebug (level 3, 0/14 HPs)
             Began as a Felid Fire Elementalist on May 19, 2022.
             Slain by a quokka (3 damage)
             ... on level 1 of the Dungeon.
             The game lasted 00:03:30 (1144 turns).

hawla the Firebug (Felid Fire Elementalist)         Turns: 1144, Time: 00:03:30

Health: 0/14       AC:  1    Str:  4    XL:     3   Next: 10%
Magic:  2/7        EV: 17    Int: 18    God:
Gold:   32         SH:  0    Dex: 16    Spells: 5/6 levels left
                                        Lives:  0   Deaths: 0

rFire   . . .      SeeInvis +   (weapon unavailable)
rCold   . . .      Faith    .   (shield unavailable)
rNeg    . . .      Spirit   .   (armour unavailable)
rPois   .          Reflect  .   (helmet unavailable)
rElec   .          Harm     .   (cloak unavailable)
rCorr   .          Rampage  .   (gloves unavailable)
Will    .....                   (boots unavailable)
Stlth   ++........              (no amulet)
HPRegen 0.04/turn               (no ring)
MPRegen 0.10/turn               (no ring)

@: quick
A: very small, claws 1, fangs 3, see invisible, speed 1, shaggy fur 1, stealthy
paws, no weapons or thrown items, no armour, multi-lived
a: no special abilities


You were on level 1 of the Dungeon.
You visited 1 branch of the dungeon, and saw 2 of its levels.

You collected 32 gold pieces.

Inventory:

Scrolls
 a - 2 scrolls of identify
 b - a scroll of fear
Potions
 c - a potion of lignification


   Skills:
 + Level 2.8 Dodging
 + Level 3.0 Stealth
 + Level 2.3 Spellcasting
 + Level 1.1 Conjurations
 + Level 3.3 Fire Magic


You had 5 spell levels left.
You knew the following spells:

 Your Spells              Type           Power      Damage    Failure   Level
a - Foxfire               Conj/Fire      40%        2x1d6     7%          1

Your spell library contained the following spells:

 Spells                   Type           Power      Damage    Failure   Level
 Scorch                   Fire           28%        2d6       7%          2
 Conjure Flame            Conj/Fire      10%        6-21      21%         3
 Inner Flame              Hex/Fire       8%         N/A       26%         3
 Tukima's Dance           Hex            2%         N/A       45%         3
 Flame Wave               Conj/Fire      10%        2d5       56%         4
 Passage of Golubria      Tloc           2%         N/A       86%         4
 Yara's Violent Unravell  Hex/Tmut       1%         3d3       99%         5


Dungeon Overview and Level Annotations

Branches:
Dungeon (2/15)

Altars:

Shops:
D:2 (


Innate Abilities, Weirdness & Mutations

You have sharp claws.
You have razor-sharp teeth.
You have supernaturally acute eyesight. (SInv)
You cover ground quickly. (Speed+)
You are covered in fur. (AC +1)
Your paws help you pounce on unaware monsters.
You are incapable of wielding weapons or throwing items.
You cannot wear armour.
You gain extra lives every three experience levels.


Message History

The quokka completely misses you. The rat closely misses you.
A dart slug comes into view.
The quokka bites you.
You completely miss the rat.
The rat is severely wounded.
The rat barely misses you. The quokka barely misses you.
You barely miss the rat.
The rat is severely wounded.
The quokka bites you.
The goblin unwields a +0 hunting sling.
The goblin wields a +0 club.
The goblin barely misses you.
You are too injured to fight recklessly!
There is a stone staircase leading up here.
The quokka closely misses you.
You climb upwards.
There is a stone staircase leading down here.
You are too injured to fight recklessly!
You are too injured to fight recklessly!
You are too injured to fight recklessly!
You are too injured to fight recklessly!
You are too injured to fight recklessly!
You closely miss the quokka. You bite the quokka.
The quokka is heavily wounded.
The quokka misses you.
You closely miss the quokka.
The quokka is heavily wounded.
The quokka misses you.
You miss the quokka. Your bite misses the quokka.
The quokka is heavily wounded.
The quokka closely misses you. The quokka barely misses you.
You closely miss the quokka. Your bite misses the quokka.
The quokka is heavily wounded.
The quokka barely misses you.
You closely miss the quokka.
The quokka is heavily wounded.
The quokka bites you.
* * * LOW HITPOINT WARNING * * *
You barely miss the quokka.
The quokka is heavily wounded.
The quokka bites you.
You die...

####### #......######
#.#.##.# #.#..#.#
#.##.#.#
###########......#
..#........####..#
##.........####..#####
..###......#.........#
.....#..........@r...#
......#..............#
.......#.............#
.......#....##########
.......#....#
#.....#.....#
......#.....#
......#.....#
.....#.....##


You could see a quokka.

Vanquished Creatures
  An adder (D:2)
  2 bats (D:1)
  3 endoplasms (D:1)
  A giant cockroach (D:1)
  3 goblins (D:1)
  A jackal (D:2)
  2 kobolds (D:1)
  3 quokkas
  2 ball pythons (D:1)
  4 rats (D:1)
22 creatures vanquished.

Vanquished Creatures (others)
  46 foxfires
46 creatures vanquished.

Grand Total: 68 creatures vanquished

Notes
Turn   | Place    | Note
-------+----------+-------------------------------------------
     0 | D:1      | hawla the Felid Fire Elementalist began the quest for the
                  | Orb.
     0 | D:1      | Reached XP level 1. HP: 7/7 MP: 4/4
   352 | D:1      | Reached XP level 2. HP: 11/11 MP: 3/6
   418 | D:1      | Reached skill level 1 in Conjurations
  1114 | D:2      | Found Suabb's Weapon Shoppe.
  1125 | D:2      | Reached XP level 3. HP: 14/14 MP: 2/7
  1144 | D:1      | Slain by a quokka

Illustrated notes

Levels and vault maps discovered:
D:1:      dpeg_arrival_solitude, layout_basic
D:2:      layout_rooms, serial_curves, eino_curves_02, eino_curves_04,
          serial_shops, shop, minmay_pentomino_w4, uniq_terence

Skill      XL: |  1  2 |
---------------+-------+-----
Stealth        | 3 |  3.0
Fire Magic     | 3 |  3.3
Conjurations   | 1 |  1.1
Dodging        | |  2.8
Spellcasting   | |  2.3

Action                   || total
-------------------------++-------
Melee: Unarmed           ||    34
       Bite              ||     3
 Cast: Foxfire           ||    27
  Use: Scroll            ||     2
 Stab: Sleeping          ||     1
Armor: Skin              ||     1
Dodge: Dodged            ||    39
